 Dungeon Crawl Stone Soup version 0.30-a0-799-g109b55a442 (webtiles) character file.

Game seed: 4553819249885479494

87 Newt the Shooter (level 4, -6/46 HPs)
             Began as a Kobold Hunter on Feb 20, 2023.
             Mangled by Sigmund
             ... wielding a +0 scythe
              (9 damage)
             ... on level 3 of the Dungeon.
             The game lasted 00:02:13 (1302 turns).

Newt the Shooter (Kobold Hunter)                    Turns: 1302, Time: 00:02:13

Health: -6/46      AC: 22    Str: 14    XL:     4   Next: 80%
Magic:  4/4        EV:  3    Int: 10    God:
Gold:   67         SH:  0    Dex: 20    Spells: 3/3 levels left

rFire   . . .      SeeInvis .    a - +2 shortbow
rCold   . . .      Faith    .    (shield currently unavailable)
rNeg    + . .      Spirit   .    (body armour currently unavailable)
rPois   +          Reflect  .    (helmet currently unavailable)
rElec   .          Harm     .    (cloak currently unavailable)
rCorr   .          Rampage  .    (gloves currently unavailable)
Will    .....      NoTele   +    (boots currently unavailable)
Stlth   +++                      (no amulet)
HPRegen 0.27/turn                d - ring of positive energy
MPRegen 0.09/turn                j - +6 ring of strength

@: tree-form
A: stationary, stasis, torment immunity, boosted hp, small, no large weapons,
nightstalker 3
a: no special abilities


You were on level 3 of the Dungeon.
You were a tree.
You visited 1 branch of the dungeon, and saw 3 of its levels.

You collected 127 gold pieces.
You spent 60 gold pieces at shops.

Inventory:

Hand Weapons
 a - a +2 shortbow (weapon)
Armour
 c - a +1 leather armour (melded)
Jewellery
 d - a ring of positive energy (left branch)
 j - a +6 ring of strength (right branch)
Wands
 g - a wand of flame (15)
Scrolls
 b - a scroll of immolation
Potions
 h - 2 potions of flight


   Skills:
 - Level 5.0 Fighting
 + Level 5.4 Ranged Weapons
 - Level 2.4 Dodging
 - Level 1.3 Stealth


You had 3 spell levels left.
You didn't know any spells.
Your spell library contained the following spells:

 Spells                   Type           Power      Damage    Failure   Level
 Freeze                   Ice            0%         1d3       36%         1
 Frozen Ramparts          Ice            0%         1d1       75%         3
 Hailstorm                Conj/Ice       0%         3d3       75%         3
 Manifold Assault         Tloc           0%         N/A       98%         4
 Dispersal                Tloc           0%         N/A       100%        6
 Disjunction              Tloc           0%         N/A       100%        8


Dungeon Overview and Level Annotations

Branches:
Dungeon (3/15)

Altars:

Shops:
D:2 !

Annotations:
D:3 Sigmund


Innate Abilities, Weirdness & Mutations

You are a tree.
Your roots penetrate the ground, keeping you stationary.
You cannot be teleported.
You are immune to unholy pain and torment.
Your maximum health is greatly increased.
Your equipment is partially melded.
You are small and have problems with some larger weapons.
You are completely attuned to the shadows.


Message History

Aim: Sigmund, wielding a +0 scythe and wearing a +0 robe (moderately wounded, 65% to hit)
You shoot an arrow. The arrow hits Sigmund.
Sigmund is heavily wounded.
Sigmund casts a spell.
Sigmund flickers and vanishes!
Fire: a) +2 shortbow
Press: ? - help, Shift-Dir - straight line, f - you Really target yourself?
Fire: a) +2 shortbow
Press: ? - help, Shift-Dir - straight line You shoot an arrow.
Fire: a) +2 shortbow
Press: ? - help, Shift-Dir - straight line You shoot an arrow.
Fire: a) +2 shortbow
Press: ? - help, Shift-Dir - straight line You shoot an arrow.
Something hits you but does no damage.
Fire: a) +2 shortbow
Press: ? - help, Shift-Dir - straight line You shoot an arrow.
You hear some strange, mumbled words.
A puff of flame appears from out of thin air!
The puff of flame hits you but does no damage.
Fire: a) +2 shortbow
Press: ? - help, Shift-Dir - straight line You shoot an arrow.
Something hits you!
* * * LOW HITPOINT WARNING * * *
Fire: a) +2 shortbow
Press: ? - help, Shift-Dir - straight line You shoot an arrow.
Fire: a) +2 shortbow
Press: ? - help, Shift-Dir - straight line You shoot an arrow.
Something hits you but does no damage.
Fire: a) +2 shortbow
Press: ? - help, Shift-Dir - straight line You shoot an arrow.
Something hits you but does no damage.
Fire: a) +2 shortbow
Press: ? - help, Shift-Dir - straight line You shoot an arrow.
Something hits you!
You die...

###. #.# #.. #.# #)#
######## ##.# #.##
#.....[# #..# ...#
#......# ##.##
#..###......# ##..#
#....'......# ###..##
#.####).....######...##
#.# #......##..♣.{###
#.####...>.....#####
#.......#.######
#######†#.# ....# #####


There were no monsters in sight!

Vanquished Creatures
  Ijyb (D:3)
  2 adders
  3 orcs (D:3)
  4 ball pythons
  4 endoplasms
  3 giant cockroaches
  4 goblins
  3 hobgoblins
  6 kobolds (D:1)
  A quokka (D:2)
  A bat (D:1)
  6 frilled lizards
  3 rats
41 creatures vanquished.

Notes
Turn   | Place    | Note
-------+----------+-------------------------------------------
     0 | D:1      | Newt the Kobold Hunter began the quest for the Orb.
     0 | D:1      | Reached XP level 1. HP: 12/12 MP: 1/1
    32 | D:1      | Reached XP level 2. HP: 16/18 MP: 2/2
   452 | D:1      | Reached XP level 3. HP: 23/23 MP: 3/3
   798 | D:2      | Found Leicos Rech's Distillery.
   806 | D:2      | Bought a potion of heal wounds for 60 gold pieces
   959 | D:2      | Found a faded altar of an unknown god.
  1070 | D:3      | Noticed Ijyb
  1075 | D:3      | Killed Ijyb
  1076 | D:3      | Reached XP level 4. HP: 17/30 MP: 4/4
  1242 | D:3      | Noticed Sigmund
  1245 | D:3      | Reached skill level 5 in Fighting
  1298 | D:3      | HP: 2/46 [something (9)]
  1302 | D:3      | Mangled by Sigmund

Illustrated notes

Levels and vault maps discovered:
D:1:      scummos_arrival_simple_crosswalls, layout_rooms
D:2:      layout_rooms, shapermc_ecumenical_altar_ellora, serial_shops, shop
D:3:      layout_basic, kennysheep_generic_room_6, uniq_ijyb, uniq_sigmund

Skill      XL: |  1  2  3  4 |
---------------+-------------+-----
Fighting       | 3 4 5 |  5.0
Ranged Weapons | |  5.4
Dodging        | |  2.4
Stealth        | |  1.3

Action                     |  1- 3 |  4- 6 || total
---------------------------+-------+-------++-------
  Melee: Shortbow          |       |     1 ||     1
   Fire: Shortbow          |    67 |    27 ||    94
    Use: Scroll            |     8 |     1 ||     9
         Potion            |       |     2 ||     2
 Armour: Leather armour    |     3 |       ||     3
         Skin              |       |     4 ||     4
  Dodge: Dodged            |    19 |     4 ||    23

Table legend: (Time is in decaauts)
 A = Elapsed time spent in this place.
 B = Non-inter-level travel time spent in this place.
 C = Inter-level travel time spent in this place.
 D = Time resting spent in this place.
 E = Time spent auto-exploring this place.
 F = Levels seen in this place.
 G = Mean time per level.
                   A        B        C        D        E       F      G
               +--------+--------+--------+--------+--------+-----+--------+
         Total |   1327 |   1296 |     31 |      0 |   1052 |   3 |  442.3 |
       Dungeon |   1327 |   1296 |     31 |      0 |   1052 |   3 |  442.3 |
               +--------+--------+--------+--------+--------+-----+--------+

Top non-repeatable levels by time:
     D:1: 537 daAuts
     D:2: 501 daAuts
     D:3: 288 daAuts
